 Dungeon Crawl Stone Soup version 0.30.1-11-g7821555f0a (webtiles) character file.

Game seed: 18419236758461716397

149 Okkudo the Chopper (level 5, -3/45 HPs)
             Began as a Hill Orc Monk on Dec 4, 2023.
             Shot with an arrow by a centaur (4 damage)
             ... on level 4 of the Dungeon.
             The game lasted 00:07:20 (2246 turns).

Okkudo the Chopper (Hill Orc Monk)                  Turns: 2246, Time: 00:07:21

Health: -3/45      AC: 11    Str: 16    XL:     5   Next: 31%
Magic:  0/5        EV: 10    Int: 10    God:
Gold:   189        SH:  0    Dex: 13    Spells: 4/4 levels left

rFire   . . .        a - +0 hand axe
rCold   . . .        d - orb {light}
rNeg    . . .        n - +3 scale mail of Altruism {*Corrode Slay+4}
rPois   .            m - +0 helmet
rElec   .            (no cloak)
rCorr   .            p - +0 pair of gloves
SInv    .            (no boots)
Will    .....        i - amulet of guardian spirit Stlth
                     (no ring)
HPRegen 0.27/turn    (no ring)
MPRegen 0.09/turn

%: corrode self (3%), guardian spirit
@: glowing
A: no striking features
a: no special abilities


You were on level 4 of the Dungeon.
You visited 1 branch of the dungeon, and saw 4 of its levels.

You collected 189 gold pieces.

Inventory:

Hand Weapons
 a - a +0 hand axe (weapon)
Armour
 d - an orb of light (worn)
 m - a +0 helmet (worn)
 n - the +3 scale mail of Altruism (worn) {*Corrode Slay+4}
   (You found it on level 2 of the Dungeon)

   Slay:      It affects your accuracy & damage with ranged weapons and melee
   (+4).
   *Corrode:  It may corrode you when you take damage.
 p - a +0 pair of gloves (worn)
Jewellery
 i - an amulet of guardian spirit (around neck)
Scrolls
 f - 2 scrolls of magic mapping {unknown}
 g - 5 scrolls of identify {unknown}
 k - 2 scrolls of teleportation {unknown}
 o - a scroll of blinking {unknown}
 t - a scroll of enchant armour {unknown}
Potions
 b - 2 potions of degeneration {unknown}
 c - 2 potions of ambrosia
 e - 2 potions of curing {unknown}
 h - a potion of mutation {unknown}
 j - a potion of lignification {unknown}
 l - a potion of heal wounds {unknown}
 q - a potion of haste {unknown}
 r - a potion of cancellation {unknown}
 s - a potion of might {unknown}


   Skills:
 - Level 3.6 Fighting
 * Level 7.7 Axes
 - Level 2.4 Dodging


You had 4 spell levels left.
You didn't know any spells.
Your spell library contained the following spells:

 Spells                   Type           Power      Damage    Failure   Level
 Ensorcelled Hibernation  Hex/Ice        0%         N/A       91%         2
 Passwall                 Tmut/Erth      0%         N/A       91%         2
 Ozocubu's Armour         Ice            0%         N/A       99%         3
 Swiftness                Air            0%         N/A       99%         3
 Metabolic Englaciation   Hex/Ice        0%         N/A       100%        5
 Simulacrum               Ice/Necr       0%         N/A       100%        6


Dungeon Overview and Level Annotations

Branches:
Dungeon (4/15)
 Temple: D:4-7

Altars:
Qazlal
Vehumet


Message History

The iguana is moderately wounded.
You slash the goblin!
You kill the goblin!
The centaur shoots an arrow.
The arrow hits you. The iguana barely misses you.
You hit the iguana.
The iguana is severely wounded.
The centaur shoots an arrow.
The arrow hits you but does no damage.
The iguana bites you but does no damage.
The centaur shoots an arrow.
The arrow hits you but does no damage.
You hit the iguana but do no damage.
The iguana is severely wounded.
The iguana bites you.
* * * LOW HITPOINT WARNING * * *
You slash the iguana!
You kill the iguana!
You hit the centaur.
The centaur unwields a +0 shortbow.
The centaur barely misses you. x2
The centaur hits you but does no damage.
The centaur kicks you but does no damage.
You see here an iguana corpse.
The centaur wields a +0 shortbow.
The centaur shoots an arrow.
The arrow barely misses you.
You see here 5 poisoned darts.
The centaur shoots an arrow.
The arrow hits you.
* * * LOW HITPOINT WARNING * * *
The orc hits you with a +2 mace of holy wrath.
* * * LOW HITPOINT WARNING * * *
The orc attacks as you move away!
The orc hits you with a +2 mace of holy wrath.
* * * LOW HITPOINT WARNING * * *
The centaur shoots an arrow.
The arrow misses you. The orc attacks as you move away!
The orc closely misses you.
Found a scroll labelled MUISKE QOQUM.
A kobold comes into view. It is wielding a +0 dagger.
The kobold shouts!
The orc attacks as you move away!
The orc hits you with a +2 mace of holy wrath.
* * * LOW HITPOINT WARNING * * *
The centaur shoots an arrow.
The arrow hits you.
You die...

#.........#.##.##
#.........#.#...##
#....<.....# ....##
#.........## .....#
#..#>...o## ##....#
#.......lo###.....#
###.#.####.#......#
#.#.## ##.#...#.#
#.@..# ####.##.#
#####.o## ###.##.###
....?....####..(††....
######...co.oo#.##)###
##..######o##.# #..#
#.##.# ..K.# #†#.>###
####.# #......# #.#
#......##.#


You could see a centaur, 2 orcs and a kobold.

Vanquished Creatures
  An iguana (D:4)
  Natasha (D:2)
  3 adders
  2 orcs (D:3)
  8 ball pythons
  8 bats
  8 endoplasms
  3 giant cockroaches
  7 hobgoblins
  2 jackals (D:2)
  5 kobolds
  2 quokkas (D:3)
  8 frilled lizards
  A goblin (D:4)
  5 rats
64 creatures vanquished.

Notes
Turn   | Place    | Note
-------+----------+-------------------------------------------
     0 | D:1      | Okkudo the Hill Orc Monk began the quest for the Orb.
     0 | D:1      | Reached XP level 1. HP: 19/19 MP: 1/1
   172 | D:1      | Reached XP level 2. HP: 26/26 MP: 2/2
   257 | D:1      | Reached skill level 5 in Axes
   439 | D:1      | Found a faded altar of an unknown god.
   722 | D:2      | Reached XP level 3. HP: 31/31 MP: 3/3
   762 | D:2      | Identified the +3 scale mail of Altruism {*Corrode Slay+4}
   922 | D:2      | Reached skill level 6 in Axes
  1134 | D:2      | Noticed Natasha
  1142 | D:2      | Killed Natasha
  1143 | D:2      | Reached XP level 4. HP: 36/39 MP: 2/4
  1452 | D:3      | Found a stormy altar of Qazlal.
  1563 | D:3      | Reached skill level 7 in Axes
  1758 | D:3      | Found a radiant altar of Vehumet.
  2202 | D:4      | Noticed a centaur
  2224 | D:4      | Reached XP level 5. HP: 22/45 MP: 2/5
  2244 | D:4      | HP: 1/45 [orc/+2 mace of holy wrath (5)]
  2246 | D:4      | Shot with an arrow by a centaur

Illustrated notes

Levels and vault maps discovered:
D:1:      beargit_arrival_diablo_church, layout_basic,
          ebering_ecumenical_altar_sacrificial
D:2:      layout_basic, uniq_natasha
D:3:      layout_loops_corners, lemuel_doored_altar, marbit_many_paths
D:4:      layout_loops_ring, fedhas_altar_2, mainiacjoe_overflow_24_doors,
          mainiacjoe_overflow_catwalk, ebering_ghost_reflecting_pool

Skill      XL: |  1  2  3  4 |
---------------+-------------+-----
Axes           | 5 6 7 |  7.7
Fighting       | |  3.6
Dodging        | |  2.4

Action                     |  1- 3 |  4- 6 || total
---------------------------+-------+-------++-------
  Melee: Hand axe          |    88 |    35 ||   123
   Stab: Distracted        |       |     1 ||     1
 Armour: Robe              |     4 |       ||     4
         Ring mail         |     7 |       ||     7
         Scale mail        |    19 |    23 ||    42
  Dodge: Dodged            |    45 |    26 ||    71
